 Dungeon Crawl Stone Soup version 0.31.0-1-g2c135a0 (webtiles) character file.

Game seed: 2684706501502875157

984 SgtSorry the Covert (level 8, -13/46 HPs)
             Began as a Kobold Brigand on Feb 29, 2024.
             Mangled by a gnoll
             ... wielding a +2 halberd of protection
              (16 damage)
             ... on level 4 of the Dungeon.
             The game lasted 00:18:46 (4214 turns).

SgtSorry the Covert (Kobold Brigand)                Turns: 4214, Time: 00:18:47

Health: -13/46     AC:  5    Str:  8    XL:     8   Next: 41%
Magic:  8/8        EV: 21    Int: 12    God:
Gold:   126        SH:  0    Dex: 19    Spells: 7/7 levels left

rFire   . . .        v - +2 dagger (flame)
rCold   . . .        (no shield)
rNeg    . . .        b - +0 robe
rPois   .            (no helmet)
rElec   .            c - +0 cloak
rCorr   .            q - +0 pair of gloves
SInv    .            u - +0 pair of boots
Will    +....        (no amulet)
Stlth   ++++++       l - ring of willpower
HPRegen 0.27/turn    i - +5 ring of evasion
MPRegen 0.11/turn

%: no passive effects
@: no status effects
A: small, no large weapons, nightstalker 3
a: no special abilities


You were on level 4 of the Dungeon.
You visited 1 branch of the dungeon, and saw 4 of its levels.

You collected 126 gold pieces.

Inventory:

Hand Weapons
 a - a +2 dagger
 v - a +2 dagger of flaming (weapon)
Missiles
 d - 5 poisoned darts (quivered)
 e - a curare-tipped dart
Armour
 b - a +0 robe (worn)
 c - a +0 cloak (worn)
 k - a +0 leather armour
 q - a +0 pair of gloves (worn)
 u - a +0 pair of boots (worn)
Jewellery
 f - a ring of protection from fire
 i - a +5 ring of evasion (right hand)
 l - a ring of willpower (left hand)
 n - a ring of fire
 t - a ring of see invisible
 y - a ring of protection from fire
Talismans
 o - a serpent talisman
Wands
 x - a wand of quicksilver (13)
Scrolls
 h - 3 scrolls of teleportation {unknown}
 j - 2 scrolls of identify {unknown}
 s - 2 scrolls of fear {unknown}
Potions
 g - a potion of brilliance
 m - a potion of invisibility {unknown}
 p - a potion of mutation {unknown}
 r - a potion of attraction {unknown}
 w - a potion of magic {unknown}


   Skills:
 + Level 3.2 Fighting
 + Level 5.6 Short Blades
 + Level 3.0 Throwing
 + Level 3.6 Dodging
 * Level 10.6 Stealth
 * Level 2.5 Shapeshifting


You had 7 spell levels left.
You didn't know any spells.
Your spell library contained the following spells:

 Spells                   Type           Power      Damage    Failure   Level
 Magic Dart               Conj           0%         1d3       32%         1
 Slow                     Hex            0%         N/A       32%         1
 Searing Ray              Conj           0%         2d4       45%         2
 Confusing Touch          Hex            0%         N/A       69%         3
 Sigil of Binding         Hex            0%         N/A       69%         3
 Vampiric Draining        Necr           0%         2d6       69%         3
 Fulminant Prism          Conj/Alch      0%         3d5       97%         4


Dungeon Overview and Level Annotations

Branches:
Dungeon (4/15)
 Temple: D:4-7

Altars:
Gozag
Vehumet


Innate Abilities, Weirdness & Mutations

You are small and have problems with some larger weapons.
You are completely attuned to the shadows.


Message History

The gnoll misses you.
You barely miss the gnoll.
The gnoll is almost dead.
The gnoll completely misses you. The gnoll closely misses you.
The gnoll misses you.
Throw: 2 darts (curare)
Press: ? - help, Q - select action, (/) - cycle Shift-Dir - straight line, f - gnoll
Aim: a gnoll, wielding a +0 halberd (almost dead, 64% to hit)
You throw a curare-tipped dart. The curare-tipped dart hits the gnoll.
The gnoll is poisoned.
The gnoll struggles to breathe.
You kill the gnoll!
Throw: 7 darts (poison)
Press: ? - help, Q - select action, (/) - cycle Shift-Dir - straight line, f - gnoll
Aim: a gnoll, wielding a +2 halberd of protection (64% to hit)
You throw a poisoned dart. The poisoned dart hits the gnoll.
The gnoll is poisoned.
The gnoll attacks as it pursues you! The gnoll completely misses you.
The gnoll looks more healthy.
The gnoll attacks as it pursues you! The gnoll completely misses you.
The gnoll attacks as it pursues you! The gnoll misses you.
The gnoll attacks as it pursues you! The gnoll completely misses you.
The gnoll attacks as it pursues you! The gnoll misses you.
Throw: 6 darts (poison)
Press: ? - help, Q - select action, (/) - cycle Shift-Dir - straight line, f/p - gnoll
Aim: a gnoll, wielding a +2 halberd of protection (moderately wounded, 64% to hit)
You throw a poisoned dart.
The poisoned dart closely misses the gnoll.
The gnoll closely misses you. The gnoll attacks as it pursues you!
The gnoll hits you from afar with a +2 halberd of protection!
* * * LOW HITPOINT WARNING * * *
The gnoll attacks as it pursues you! The gnoll completely misses you.
The gnoll attacks as it pursues you! The gnoll completely misses you.
The gnoll attacks as it pursues you! The gnoll closely misses you.
Things that are here:
a +0 long sword; 4 stones; a kobold corpse The gnoll attacks as it pursues you!
The gnoll hits you from afar with a +2 halberd of protection!
You die...

#..<.# ##.## #
#######....###..#
#
#...##......##.##
##
####......†.#.##
#. ###........#
#. ##.......## ##
#........## #
#.........# #
#......@..##
#.......)..#
#......g...#
##.....s...##
#...#......#
...#......##
#.......#
#.......###
#.......(.####


You could see a scorpion and a gnoll.

Vanquished Creatures
  Pikel (D:4)
  Grinder (D:4)
  Sigmund (D:2)
  2 lemures
  A howler monkey (D:4)
  Ijyb (D:4)
  Robin (D:2)
  2 gnolls (D:4)
  3 adders (D:3)
  3 dart slugs (D:3)
  6 orcs
  9 ball pythons
  7 endoplasms
  2 giant cockroaches
  9 goblins
  7 hobgoblins
  5 jackals
  9 kobolds
  6 quokkas
  5 bats
  3 frilled lizards
  5 rats
89 creatures vanquished.

Notes
Turn   | Place    | Note
-------+----------+-------------------------------------------
     0 | D:1      | SgtSorry the Kobold Brigand began the quest for the Orb.
     0 | D:1      | Reached XP level 1. HP: 12/12 MP: 1/1
    84 | D:1      | Reached XP level 2. HP: 17/17 MP: 2/2
    87 | D:1      | Reached skill level 6 in Stealth
   337 | D:1      | Found a faded altar of an unknown god.
   570 | D:1      | Reached XP level 3. HP: 21/21 MP: 3/3
   981 | D:2      | Noticed Robin
  1064 | D:2      | Killed Robin
  1189 | D:2      | Reached XP level 4. HP: 26/26 MP: 4/4
  1253 | D:2      | Reached skill level 7 in Stealth
  1701 | D:2      | You fall into a shaft and drop 1 floor!
  1766 | D:3      | Noticed a phantom
  1857 | D:2      | Noticed Sigmund
  1918 | D:2      | HP: 1/27 [Sigmund/+0 scythe (8)]
  2367 | D:2      | Killed Sigmund
  2368 | D:2      | Reached skill level 8 in Stealth
  2368 | D:2      | Reached skill level 1 in Shapeshifting
  2368 | D:2      | Reached XP level 5. HP: 27/31 MP: 5/5
  2368 | D:2      | Reached XP level 6. HP: 32/36 MP: 6/6
  2632 | D:3      | Found a radiant altar of Vehumet.
  3369 | D:4      | Noticed Ijyb
  3386 | D:4      | Killed Ijyb
  3501 | D:4      | Noticed Pikel
  3738 | D:4      | Noticed Grinder
  3767 | D:4      | Killed Grinder
  3768 | D:4      | Reached skill level 9 in Stealth
  3768 | D:4      | Reached XP level 7. HP: 17/40 MP: 7/7
  3944 | D:4      | Killed Pikel
  3945 | D:4      | Reached skill level 5 in Short Blades
  3945 | D:4      | Reached skill level 10 in Stealth
  3945 | D:4      | Reached XP level 8. HP: 46/46 MP: 8/8
  4044 | D:4      | Found an opulent altar of Gozag.
  4210 | D:4      | HP: 2/46 [gnoll/+2 halberd of protection (13)]
  4214 | D:4      | Mangled by a gnoll

Illustrated notes

Levels and vault maps discovered:
D:1:      psy_arrival_conway, layout_basic, basic_ecumenical_altar
D:2:      layout_loops_corners, minmay_puff, uniq_robin, uniq_sigmund
D:3:      layout_loops_ring, nicolae_vehumet_radiance, minmay_quantized
D:4:      layout_cave_pods, grunt_gozag_breadcrumbs, uniq_pikel,
          uniq_blork_the_orc, uniq_ijyb, uniq_grinder

Skill      XL: |  1  2  3  4  5  6  7 |
---------------+----------------------+-----
Stealth        | 6 8 9 10 | 10.6
Short Blades   | 3 4 5 |  5.6
Shapeshifting  | 1 2 |  2.5
Dodging        | 2 3 |  3.6
Fighting       | 3 |  3.2
Throwing       | 3 |  3.0

Action                     |  1- 3 |  4- 6 |  7- 9 || total
---------------------------+-------+-------+-------++-------
  Melee: Dagger            |    98 |   174 |    30 ||   302
         Punch             |       |     4 |       ||     4
  Throw: Dart              |       |    18 |     4 ||    22
  Evoke: Wand              |       |       |     1 ||     1
    Use: Potion            |       |     3 |       ||     3
   Stab: Sleeping          |    14 |    22 |     3 ||    39
         Distracted        |     1 |       |       ||     1
 Armour: Robe              |    30 |    35 |    11 ||    76
         Leather armour    |     3 |       |       ||     3
  Dodge: Dodged            |    47 |    96 |    40 ||   183
